 Dungeon Sprint DCSS version 0.31-a0-844-gdc52ec4e09 (webtiles) character file.

Game seed: 3319647974233125134

180 rocky1 the Destroyer (level 5, -24/42 HPs)
             Began as a Naga Conjurer on Sept 28, 2023.
             Was an Initiate of Gozag.
             Annihilated by a two-headed ogre
             ... wielding a +0 giant club
              (29 damage)
             ... in the Dungeon (Sprint IX: "|||||||||||||||||||||||||||||").
             The game lasted 00:02:05 (476 turns).

rocky1 the Destroyer (Naga Conjurer)                 Turns: 476, Time: 00:02:06

Health: -24/42     AC:  3    Str: 12    XL:     5   Next: 60%
Magic:  9/12       EV: 11    Int: 20    God:    Gozag
Gold:   0          SH:  0    Dex: 13    Spells: 10/13 levels left

rFire   . . .        (no weapon)
rCold   . . .        (no shield)
rNeg    . . .        a - +0 robe
rPois   +            m - +0 helmet
rElec   .            (no cloak)
rCorr   .            (no gloves)
SInv    +            (no barding)
Will    .....        (no amulet)
Stlth   ++++         o - +3 ring of strength
HPRegen 0.27/turn    n - +3 ring of dexterity
MPRegen 0.13/turn

%: no teleportation
@: gold aura, very slow
A: AC +1, large, see invisible, deformed body, poison resistance, slowness 2,
spit poison 1, naga tail 1
a: Spit Poison, Renounce Religion, Potion Petition, Call Merchant, Bribe Branch


You were in the Dungeon.
You worshipped Gozag.
Gozag was noncommittal.
You visited 1 branch

Inventory:

Hand Weapons
 k - a +4 quarterstaff of speed
 l - a +2 scimitar of flaming
Armour
 a - a +0 robe (worn)
 m - a +0 helmet (worn)
Jewellery
 n - a +3 ring of dexterity (right hand)
 o - a +3 ring of strength (left hand)
Wands
 j - a wand of light (10)
Scrolls
 g - 2 scrolls of blinking
 i - 2 scrolls of amnesia
Potions
 b - 3 potions of magic
 c - 5 potions of curing
 d - a potion of invisibility
 e - a potion of haste
 f - a potion of berserk rage
 h - 2 potions of heal wounds


   Skills:
 + Level 4.2 Dodging
 + Level 8.0 Stealth
 + Level 4.7 Spellcasting
 * Level 8.3 Conjurations


You had 10 spell levels left.
You knew the following spells:

 Your Spells              Type           Power      Damage    Failure   Level
a - Magic Dart            Conj           100%       1d8       1%          1
b - Searing Ray           Conj           76%        2d7       1%          2

Your spell library contained the following spells:

 Spells                   Type           Power      Damage    Failure   Level
 Dazzling Flash           Conj/Hex       42%        N/A       6%          3
 Fulminant Prism          Conj/Hex       10%        3d9       22%         4
 Iskenderun's Mystic Bla  Conj/Tloc      21%        2d6       22%         4


Dungeon Overview and Level Annotations

Branches:
Dungeon (1/1)

Altars:
Cheibriados
Dithmenos
Elyvilon
Fedhas
Gozag
Hepliaklqana
Kikubaaqudgha
Makhleb
Nemelex Xobeh
Okawaru
Qazlal
Ru
Sif Muna
Trog
Uskayaw
Vehumet
Wu Jian
Xom
Yredelemnul
Zin
The Shining One
Jiyva
Lugonu


Innate Abilities, Weirdness & Mutations

Your serpentine skin is tough. (AC +1)
You have supernaturally acute eyesight. (SInv)
Armour fits poorly on your strangely shaped body.
Your system is resistant to poisons. (rPois)
You cover ground very slowly.
You can spit poison.
You have a snake-like lower body.


Message History

You feel stronger.
o - a +3 ring of strength (left hand)
You feel agile.
n - a +3 ring of dexterity (right hand) Unknown command.
You open the door.
A howler monkey, a troll, 3 orcs and a two-headed ogre come into view.
The orc wizard shouts!
The troll shouts!
The orc priest shouts!
The howler monkey howls!
The orc warrior shouts!
Unknown command.
Casting: Searing Ray (safe; 1% risk of failure)
Confirm with . or Enter, or press ? or * to list all spells.
Aiming: Searing Ray (safe; 1% risk of failure)
Press: ? - help, Shift-Dir - straight line, f - two-headed ogre
Aim: a two-headed ogre, wielding two +0 giant clubs (91% to hit)
The searing ray hits the two-headed ogre!
The two-headed ogre is moderately wounded.
The searing ray hits the orc wizard!
The orc wizard is heavily wounded.
The searing ray hits the troll.
The troll is lightly wounded. (Press . to maintain the ray.)
The two-headed ogre hits you with a +0 giant club!!
Ouch! That really hurt!
The two-headed ogre hits you with a +0 giant club!
* * * LOW HITPOINT WARNING * * *
Unknown command.
The searing ray hits the two-headed ogre!
The two-headed ogre is heavily wounded.
The searing ray hits the orc wizard!
You kill the orc wizard!
The searing ray hits the troll.
The troll is lightly wounded.
The searing ray hits the howler monkey.
The howler monkey is moderately wounded.
The howler monkey hoots and howls with incredible vigour!
The two-headed ogre hits you with a +0 giant club!!
Ouch! That really hurt!
You die...
Your body crumbles into a pile of gold. ▓▓▓▓▓▓▓▓▓▓▓▓▓▓▓▓▓▓▓▓▓▓▓▓ .ooh.TO@.[.[.)..'_______ ▓▓▓▓▓▓▓▓▓▓▓▓▓▓▓▓▓▓▓▓▓▓▓▓

You could see a two-headed ogre, a troll, an orc warrior, a howler monkey and an orc priest.

Vanquished Creatures
  2 scorpions (D)
  A jelly (D)
  A gnoll bouda (D)
  An orc wizard (D)
  A dart slug (D)
  An orc (D)
  2 goblins (D)
  A hobgoblin (D)
  A rat (D)
11 creatures vanquished.

Notes
Turn   | Place    | Note
-------+----------+-------------------------------------------
     0 | D        | rocky1 the Naga Conjurer began the quest for the Orb.
     0 | D        | Reached XP level 1. HP: 15/15 MP: 3/3
    22 | D        | Reached skill level 5 in Conjurations
    23 | D        | Reached XP level 2. HP: 16/22 MP: 0/5
    77 | D        | Learned a level 2 spell: Searing Ray
    83 | D        | Noticed a scorpion
    83 | D        | Noticed a scorpion
    86 | D        | Reached skill level 5 in Stealth
    86 | D        | Reached XP level 3. HP: 28/28 MP: 2/7
    87 | D        | Killed a scorpion
    88 | D        | Reached XP level 4. HP: 33/36 MP: 0/9
    91 | D        | Reached XP level 5. HP: 26/42 MP: 7/11
   422 | D        | Found a snail-covered altar of Cheibriados.
   422 | D        | Found a shadowy altar of Dithmenos.
   422 | D        | Found a white marble altar of Elyvilon.
   422 | D        | Found a blossoming altar of Fedhas.
   422 | D        | Found an opulent altar of Gozag.
   423 | D        | Found a hazy altar of Hepliaklqana.
   424 | D        | Found a viscous altar of Jiyva.
   425 | D        | Found an ancient bone altar of Kikubaaqudgha.
   426 | D        | Found a corrupted altar of Lugonu.
   427 | D        | Found a burning altar of Makhleb.
   428 | D        | Found a sparkling altar of Nemelex Xobeh.
   429 | D        | Found an iron altar of Okawaru.
   430 | D        | Became a worshipper of Gozag Ym Sagoz the Greedy
   431 | D        | Found a stormy altar of Qazlal.
   432 | D        | Found a sacrificial altar of Ru.
   433 | D        | Found a shimmering blue altar of Sif Muna.
   434 | D        | Found a bloodstained altar of Trog.
   435 | D        | Found a hide-covered altar of Uskayaw.
   436 | D        | Found a radiant altar of Vehumet.
   437 | D        | Found an ornate altar of the Wu Jian Council.
   438 | D        | Found a shimmering altar of Xom.
   439 | D        | Found a basalt altar of Yredelemnul.
   440 | D        | Found a glowing silver altar of Zin.
   441 | D        | Found a glowing golden altar of the Shining One.
   474 | D        | Noticed an orc warrior
   474 | D        | Noticed a troll
   474 | D        | Noticed a two-headed ogre
   476 | D        | Annihilated by a two-headed ogre

Illustrated notes

Levels and vault maps discovered:
D:        linesprint [early_d, line_temple, items_1, d_10, items_2, lair_1,
          lair_end, items_3, orc_1, orc_end, items_4, d_15, swamp_1, shoals_1,
          snake_1, spider_1, d_20, vaults_1, items_5, swamp_end, shoals_end,
          snake_end, spider_end, vaults_end, d_27, items_6, zot_1, zot_end,
          crypt_end, forest_end, elf_end, slime_end, tomb_end, abyss_end,
          pan_hell_end]

Skill      XL: |  1  2  3  4  5 |
---------------+----------------+-----
Conjurations   | 5 6 7 8 |  8.3
Dodging        | 2 3 4 |  4.2
Stealth        | 5 6 7 8 |  8.0
Spellcasting   | 3 4 |  4.7

Action                     |  1- 3 |  4- 6 || total
---------------------------+-------+-------++-------
  Melee: Unarmed           |     9 |       ||     9
   Cast: Magic Dart        |     7 |       ||     7
         Searing Ray       |     1 |     2 ||     3
Ability: Spit Poison       |       |     1 ||     1
    Use: Potion            |     2 |     1 ||     3
 Armour: Robe              |     8 |     8 ||    16
  Dodge: Dodged            |     7 |     1 ||     8

Table legend: (Time is in decaauts)
 A = Elapsed time spent in this place.
 B = Non-inter-level travel time spent in this place.
 C = Inter-level travel time spent in this place.
 D = Time resting spent in this place.
 E = Time spent auto-exploring this place.
 F = Levels seen in this place.
 G = Mean time per level.
                   A        B        C        D        E       F      G
               +--------+--------+--------+--------+--------+-----+--------+
         Total |    495 |    493 |      2 |    373 |      0 |   1 |  495.0 |
       Dungeon |    495 |    493 |      2 |    373 |      0 |   1 |  495.0 |
               +--------+--------+--------+--------+--------+-----+--------+

Top non-repeatable levels by time:
       D: 495 daAuts
